 Dungeon Sprint DCSS version 0.27.1-33-g824d729ab1 (webtiles) character file.

Game seed: 11921238157496288105

618 manyhoops the Cleaver (level 7, -6/67 HPs)
             Began as a Demonspawn Fighter on Nov 26, 2021.
             Mangled by a centaur warrior (12 damage)
             ... in the Dungeon (Sprint I: "Red Sonja").
             The game lasted 00:03:10 (1264 turns).

manyhoops the Cleaver (Demonspawn Fighter)          Turns: 1264, Time: 00:03:11

Health: -6/67      AC:  6    Str: 19    XL:     7   Next: 21%
Magic:  7/7        EV:  7    Int:  9    God:
Gold:   30         SH: 18    Dex: 12    Spells: 6/6 levels left

rFire    . . .     SeeInvis .   a - +0 war axe
rCold    . . .     Faith    .   c - +0 kite shield
rNeg     . . .     Spirit   .   b - +0 scale mail
rPois    .         Reflect  +   (helmet restricted)
rElec    .         Harm     .   (no cloak)
rCorr    .         Rampage  .   (no gloves)
Will     .....     NoTele   +   (no boots)
Stlth    ..........             e - amulet of reflection
HPRegen  0.21/turn              (no ring)
MPRegen  0.10/turn              (no ring)

@: mighty, very slow
A: antennae 1, large bone plates 1, powered by death 1
a: no special abilities


You were in the Dungeon.
You visited 1 branch You collected 360 gold pieces.
You spent 330 gold pieces at shops.

Inventory:

Hand Weapons
 a - a +0 war axe (weapon)
Armour
 b - a +0 scale mail (worn)
 c - a +0 kite shield (worn)
 k - a +0 leather armour of cold resistance
Jewellery
 e - an amulet of reflection (around neck)
Scrolls
 j - a scroll of blinking
Potions
 h - 2 potions of magic


   Skills:
 - Level 10.4 Fighting
 - Level 11.1 Axes
 - Level 2.6 Armour
 + Level 2.6 Shields


You had 6 spell levels left.
You didn't know any spells.
Your spell library was empty.

Dungeon Overview and Level Annotations

Branches:
Dungeon (1/1)

Altars:
Cheibriados
Dithmenos
Elyvilon
Fedhas
Gozag
Hepliaklqana
Kikubaaqudgha
Makhleb
Nemelex Xobeh
Okawaru
Qazlal
Ru
Sif Muna
Trog
Uskayaw
Vehumet
Wu Jian
Xom
Yredelemnul
Zin
The Shining One
Jiyva
Lugonu

Shops:
D =


Innate Abilities, Weirdness & Mutations

You have a pair of small antennae on your head.
You are partially covered in large bone plates. (SH +4)
You regenerate a little health from kills.


Message History

You block the centaur warrior's attack. x3
You slash the centaur warrior!
The centaur warrior is moderately wounded.
You closely miss the centaur warrior.
You block the centaur warrior's attack. x3
The centaur warrior kicks you. You block the centaur warrior's attack.
The centaur warrior kicks you. The centaur warrior hits you.
The centaur warrior kicks you.
You slice the centaur warrior!!
The centaur warrior is severely wounded.
You barely miss the centaur warrior.
The centaur warrior hits you but does no damage.
You block the centaur warrior's attack. The centaur warrior hits you!
The centaur warrior kicks you. You block the centaur warrior's attack.
The centaur warrior kicks you but does no damage.
You block the centaur warrior's attack. The centaur warrior barely misses you.
Unknown command.
You barely miss the centaur warrior.
The centaur warrior is severely wounded.
You hit the centaur warrior. The centaur warrior hits you.
The centaur warrior kicks you but does no damage.
The centaur warrior hits you but does no damage.
You block the centaur warrior's attack. x3
Unknown command.
Your unstable footing causes you to fumble your attack.
You block the centaur warrior's attack.
The centaur warrior kicks you but does no damage.
The centaur warrior hits you! You block the centaur warrior's attack.
The centaur warrior hits you!
* * * LOW HITPOINT WARNING * * *
The centaur warrior kicks you but does no damage.
The centaur warrior hits you.
* * * LOW HITPOINT WARNING * * *
The centaur warrior kicks you but does no damage.
Your unstable footing causes you to fumble your attack.
The centaur warrior hits you.
* * * LOW HITPOINT WARNING * * *
The centaur warrior kicks you but does no damage.
The centaur warrior hits you but does no damage.
The centaur warrior barely misses you. The centaur warrior hits you!
You die...

####################
.#..').#.)'..#__#..+
.').#..'..#..'..'..#
.#####+#####'#__####{
.### #...#[####§§#
.#__####..##)#§§§§§#
.#_____##'#_.§§§§c§+
⌠#_.∩...'..._#≈§@c§#
##_..__##_.#'##+####
#_____###+#.# #######
###


You could see 2 centaur warriors.

Vanquished Creatures
  A slime creature (D)
  Sigmund (D)
  A yak (D)
  An ogre (D)
  A jelly (D)
  Ijyb (D)
6 creatures vanquished.

Notes
Turn   | Place    | Note
-------+----------+-------------------------------------------
     0 | D        | manyhoops the Demonspawn Fighter began the quest for the
                  | Orb.
     0 | D        | Reached XP level 1. HP: 18/18 MP: 1/1
     1 | D        | Noticed Ijyb
    30 | D        | Killed Ijyb
    31 | D        | Reached skill level 5 in Axes
    31 | D        | Gained mutation: You are partially covered in large bone
                  | plates. (SH +4) [demonic ancestry]
    31 | D        | Reached XP level 2. HP: 4/24 MP: 2/2
   304 | D        | Noticed an ogre
   311 | D        | Killed an ogre
   312 | D        | Reached skill level 8 in Axes
   312 | D        | Reached XP level 3. HP: 14/29 MP: 3/3
   312 | D        | Reached XP level 4. HP: 17/35 MP: 4/4
   526 | D        | Noticed Sigmund
   536 | D        | Killed Sigmund
   537 | D        | Reached skill level 9 in Axes
   537 | D        | Reached XP level 5. HP: 21/48 MP: 5/5
   732 | D        | Found an ornate altar of the Wu Jian Council.
   732 | D        | Found a shimmering blue altar of Sif Muna.
   734 | D        | Found a radiant altar of Vehumet.
   738 | D        | Gained mutation: You have a pair of small antennae on your
                  | head. [demonic ancestry]
   738 | D        | Reached XP level 6. HP: 52/56 MP: 6/6
   767 | D        | Found Feut's Jewellery Emporium.
   767 | D        | Found an ancient bone altar of Kikubaaqudgha.
   767 | D        | Found a hazy altar of Hepliaklqana.
   767 | D        | Found a stormy altar of Qazlal.
   767 | D        | Found a hide-covered altar of Uskayaw.
   767 | D        | Found a blossoming altar of Fedhas.
   767 | D        | Found a bloodstained altar of Trog.
   767 | D        | Found an iron altar of Okawaru.
   767 | D        | Found a basalt altar of Yredelemnul.
   767 | D        | Found a snail-covered altar of Cheibriados.
   767 | D        | Found a sacrificial altar of Ru.
   767 | D        | Found a shadowy altar of Dithmenos.
   767 | D        | Noticed a yak
   780 | D        | Killed a yak
   781 | D        | Reached skill level 10 in Axes
   781 | D        | Found an opulent altar of Gozag.
   782 | D        | Found a sparkling altar of Nemelex Xobeh.
   880 | D        | Found a viscous altar of Jiyva.
   880 | D        | Found a corrupted altar of Lugonu.
   880 | D        | Noticed a slime creature
   881 | D        | Found a burning altar of Makhleb.
   881 | D        | Found a shimmering altar of Xom.
   889 | D        | HP: 1/59 [slime creature (5)]
   890 | D        | Killed a slime creature
   891 | D        | Reached skill level 10 in Fighting
   891 | D        | Reached skill level 11 in Axes
   891 | D        | Gained mutation: You regenerate a little health from kills.
                  | [demonic ancestry]
   891 | D        | Reached XP level 7. HP: 2/67 MP: 7/7
  1231 | D        | Bought an amulet of reflection for 330 gold pieces
  1254 | D        | Noticed a centaur warrior
  1257 | D        | Noticed a centaur warrior
  1264 | D        | Mangled by a centaur warrior

Illustrated notes

Levels and vault maps discovered:
D:        dungeon_sprint_1 [red_sonja_temple_1, red_sonja_temple_small_1]

Skill      XL: |  1  2  3  4  5  6 |
---------------+-------------------+-----
Axes           | 5 8 9 11 | 11.1
Fighting       | 7 10 | 10.4
Armour         | |  2.6
Shields        | |  2.6

Action                   |  1- 3 |  4- 6 |  7- 9 || total
-------------------------+-------+-------+-------++-------
Melee: Unarmed           |    19 |       |       ||    19
       War axe           |    13 |    30 |     5 ||    48
  Use: Potion            |     2 |     2 |     1 ||     5
Armor: Skin              |     8 |       |       ||     8
       Scale mail        |     1 |     4 |    11 ||    16
Dodge: Dodged            |     8 |     7 |     3 ||    18
Block: Kite shield       |     2 |       |    18 ||    20
